 Dungeon Crawl Stone Soup version 0.15.2 (webtiles) character file.

51 HiobMontag the Skirmisher (level 3, -2/33 HPs)
             Began as a Hill Orc Fighter on Dec 8, 2014.
             Was an Initiate of Nemelex Xobeh.
             Slain by a gnoll
             ... wielding a +0 spear
              (5 damage)
             ... on Level 3 of the Dungeon.
             The game lasted 00:08:34 (1569 turns).

HiobMontag the Skirmisher (Hill Orc Fighter)        Turns: 1569, Time: 00:08:34

HP  -2/33        AC  8     Str 24      XL: 3   Next: 83%
MP   3/3         EV  7     Int  8      God: Nemelex Xobeh [......]
Gold 44          SH  9     Dex 10      Spells:  0 memorised,  2 levels left

rFire  . . .     SeeInvis .     a - +0 trident
rCold  . . .     Clarity  .     t - +0 scale mail
rNeg   . . .     rCorr    .     c - +0 shield
rPois  .         rRot     .     (no helmet)
rElec  .         Spirit   .     i - +0 cloak
SustAb .         Warding  .     (no gloves)
rMut   .         Stasis   .     (no boots)
Gourm  .                        (no amulet)
MR     .....                    (no ring)
                                (no ring)

@: mighty, not resistant to hostile enchantments, extremely unstealthy
A: no striking features
a: Renounce Religion


You were on level 3 of the Dungeon.
You worshipped Nemelex Xobeh.
Nemelex Xobeh was noncommittal.
You were not hungry.

You visited 1 branch of the dungeon, and saw 3 of its levels.

You collected 44 gold pieces.

Inventory:

Hand weapons
 a - a +0 trident (weapon)
Armour
 c - a +0 shield (worn)
 i - a +0 cloak (worn)
 t - a +0 scale mail (worn)
Comestibles
 d - 3 meat rations
 f - a beef jerky
 h - a bread ration
Scrolls
 j - a scroll of magic mapping {unknown}
 k - a scroll of fear {unknown}
 n - a scroll of noise {unknown}
 o - a scroll of enchant weapon {unknown}
 p - 2 scrolls of identify {unknown}
 q - a scroll of immolation {unknown}
 r - 2 scrolls of blinking {unknown}
 s - a scroll of remove curse
 u - 2 scrolls of enchant armour {unknown}
Potions
 g - 2 potions of brilliance {unknown}
 l - a potion of mutation {unknown}
 m - 3 potions of heal wounds {unknown}
Miscellaneous
 b - a plain deck of war {drawn: 6}


   Skills:
 + Level 4.0 Fighting
 + Level 2.5 Polearms
 + Level 4.0 Armour
 + Level 0.1 Dodging
 + Level 4.0 Shields


You had 2 spell levels left.
You didn't know any spells.

Dungeon Overview and Level Annotations

Branches:
Dungeon (3/15)

Altars:
Cheibriados
Kikubaaqudgha
Nemelex Xobeh
Okawaru
Vehumet


Message History

The gnoll hits you but does no damage. You block the gnoll's attack.
Your magical contamination has completely faded away.
You hit the gnoll.
The gnoll is almost dead.
The hog bites you!
* * * LOW HITPOINT WARNING * * *
The gnoll hits you from afar with a spear.
* * * LOW HITPOINT WARNING * * *
The hog bites you.
* * * LOW HITPOINT WARNING * * *
You block the gnoll's attack.
Drink which item? (? for menu, Esc to quit)
Okay, then.
Read which item? (? for menu, Esc to quit)
Okay, then.
Drink which item? (? for menu, Esc to quit)
You feel very mighty all of a sudden.
The gnoll hits you from afar with a spear.
You die...
Your body disappears without a glow.

#..........#
#....<.....# .#
##.....##.###...###
###..%............
#...##)###......
#...##..# ###
#...###.## #
####..####r.#..####
.......h@gg.!.....#
.......####....##.#
...... .......
..... #....#. ...
#...# . .... .<# >


You could see a hog, 2 gnolls and a quokka.

Vanquished Creatures
  An adder (D:2)
  A worm (D:2)
  2 giant geckos
  An ooze (D:1)
  A ball python (D:1)
  4 goblins (D:1)
  4 hobgoblins
  2 kobolds (D:1)
  A quokka (D:2)
  4 bats
  A giant cockroach (D:2)
  3 giant newts
  3 rats (D:1)
28 creatures vanquished.

Vanquished Creatures (collateral kills)
  A gnoll (D:3)
1 creature vanquished.

Grand Total: 29 creatures vanquished

Notes
Turn   | Place    | Note
--------------------------------------------------------------
     0 | D:1      | HiobMontag, the Hill Orc Fighter, began the quest for the Orb.
     0 | D:1      | Reached XP level 1. HP: 19/19 MP: 1/1
   274 | D:1      | Reached XP level 2. HP: 27/27 MP: 2/2
   676 | D:1      | Reached skill level 4 in Fighting
   838 | D:2      | Reached XP level 3. HP: 33/33 MP: 3/3
   855 | D:2      | Found a sparkling altar of Nemelex Xobeh.
   899 | D:2      | Became a worshipper of Nemelex Xobeh the Trickster
  1051 | D:2      | Found an iron altar of Okawaru.
  1054 | D:2      | Found a radiant altar of Vehumet.
  1137 | D:2      | Received a gift from Nemelex Xobeh
  1336 | D:2      | Found an ancient bone altar of Kikubaaqudgha.
  1338 | D:2      | Found a snail-covered altar of Cheibriados.
  1558 | D:3      | Noticed a hog
  1569 | D:3      | Slain by a gnoll

Action                   || total
-------------------------++-------
Melee: Trident           ||   126
Evoke: Deck              ||     6
  Use: Scroll            ||     2
       Potion            ||     1
  Eat: Chunk             ||     2
